 Dungeon Crawl Stone Soup version 0.22-b1-21-g5cfc168 (webtiles) character file.

681 Goblin1989 the Chopper (level 7, 0/54 HPs)
             Began as a Demonspawn Chaos Knight on Aug 4, 2018.
             Slain by a swamp drake (10 damage)
             ... on level 5 of the Dungeon.
             The game lasted 00:09:38 (4806 turns).

Goblin1989 the Chopper (Demonspawn Chaos Knight)    Turns: 4806, Time: 00:09:39

Health: 0/54       AC: 11    Str: 14    XL:     7   Next: 34%
Magic:  7/7        EV:  9    Int: 17    God:    Xom [.....*]
Gold:   349        SH:  0    Dex: 12    Spells: 6/6 levels left

rFire    . . .     SeeInvis .   a - +0 hand axe (chaos)
rCold    + . .     Gourm    .   (no shield)
rNeg     + . .     Faith    .   E - +0 scale mail
rPois    +         Spirit   .   (no helmet)
rElec    .         Reflect  .   (no cloak)
rCorr    .         Harm     .   r - +0 pair of gloves
MR       +....     Clarity  +   j - +0 pair of boots
Stlth    ..........             (no amulet)
HPRegen  0.18/turn              A - ring of positive energy
MPRegen  0.10/turn              l - ring of flight

@: brilliant, flying
A: hooves 2, thin metallic scales 1, blurry vision 1, clarity, cold resistance
1, dopey 1, magic resistance 1, poison resistance, freezing cloud immunity
a: Renounce Religion


You were on level 5 of the Dungeon.
You worshipped Xom.
You were Xom's teddy bear.
You were not hungry.

You visited 1 branch of the dungeon, and saw 5 of its levels.

You collected 349 gold pieces.

Inventory:

Hand Weapons
 a - a +0 hand axe of chaos (weapon)
 x - a +2 dagger of electrocution
 y - a +0 hunting sling
Missiles
 z - 116 stones (quivered) {@Q3}
Armour
 j - a +0 pair of boots (worn)
 r - a +0 pair of gloves (worn)
 E - a +0 scale mail (worn)
Jewellery
 l - a ring of flight (right hand)
 A - a ring of positive energy (left hand)
Wands
 m - a wand of iceblast (5) {god gift, @v4}
Scrolls
 h - 4 scrolls of identify {unknown}
 k - a scroll of immolation {unknown}
 o - a scroll of remove curse {@r3}
 C - a scroll of noise {unknown}
 D - a scroll of blinking {unknown}
 F - 3 scrolls of teleportation {unknown}
 G - 3 scrolls of magic mapping {unknown}
 H - a scroll of amnesia {unknown}
Potions
 f - a potion of cancellation {unknown}
 p - a potion of flight
 q - 2 potions of magic
 s - a potion of invisibility {unknown}
 t - a potion of lignification {unknown}
 u - 3 potions of curing {@q1}
 w - a potion of brilliance
Comestibles
 e - 8 rations


   Skills:
 + Level 4.3 Fighting
 * Level 6.7 Axes
 + Level 3.2 Armour
 - Level 0.8 Dodging


You had 6 spell levels left.
You didn't know any spells.
Your spell library contained the following spells:

 Spells                   Type           Power        Failure   Level  Hunger
 Apportation              Tloc           ##....       11%         1    ##.....
 Summon Small Mammal      Summ           ##..         11%         1    ##.....
 Animate Skeleton         Necr           N/A          11%         1    ##.....
 Confusing Touch          Hex            ##....       11%         1    ##.....


Dungeon Overview and Level Annotations

Branches:
Dungeon (5/15)
 Temple: D:4-7

Altars:
Fedhas
Hepliaklqana
Makhleb
Nemelex Xobeh
Qazlal
Ru
Xom

Annotations:
D:2 1 runed door


Innate Abilities, Weirdness & Mutations

You have hoof-like feet.
You are partially covered in thin metallic scales. (AC +2)
Your flesh is cold resistant. (rC+)
You are immune to freezing clouds.
Scrolls take you a little longer to read.
You possess an exceptional clarity of mind.
You are dopey. (Int -2)
You are resistant to hostile enchantments. (MR+)
Your system is resistant to poisons. (rPois)


Message History

The orc priest is almost dead.
You hit the hound but do no damage.
The hound disappears!
The orc priest hits you but does no damage.
You barely miss the orc priest.
The orc priest is almost dead.
You hit the adder.
You feel better. The adder barely misses you. The orc priest hits you.
You regained 2 hp, and now have 30/54 hp.
You closely miss the orc priest.
The orc priest is almost dead.
You hit the adder but do no damage.
The adder is poisoned.
The adder bites you but does no damage.
The orc priest hits you but does no damage.
Unknown command.
You hit the orc priest but do no damage.
The orc priest looks even sicker.
The orc priest is almost dead.
You hit the adder but do no damage. The adder barely misses you.
The adder misses you.
You hit the orc priest.
You kill the orc priest!
You hit the adder. You burn the adder. The adder bites you but does no damage.
You kill the adder!
Items here: ) [ †† a leather armour; a morningstar; an orc corpse x2
The hound is too close now for your liking.
A hound is nearby!
A hound is nearby!
A hound is nearby!
Xom does a drum roll.
You are now Xom's teddy bear.
You hear an angry hiss.
You hear a bark!
You hear an angry hiss.
You barely miss the hound. The hound closely misses you.
You miss the hound. The hound bites you.
A hound comes into view.
The hound bites you but does no damage.
You take 5 damage, and have 29/54 hp.
The hound barks!
You hit the hound but do no damage. The hound bites you but does no damage.
You closely miss the hound.
The hound bites you but does no damage. x2
You hit the hound.
You feel better.
The hound is moderately wounded.
The hound bites you but does no damage.
You hit the hound but do no damage.
The hound evaporates and reforms as a swamp drake!
The swamp drake is moderately wounded.
The swamp drake bites you but does no damage.
You hit the swamp drake.
The swamp drake flickers and vanishes!
Deactivating autopickup; reactivate with Ctrl-A.
You barely miss the hound. The hound bites you.
An adder comes into view.
Something bites you!
* * * LOW HITPOINT WARNING * * *
You take 11 damage, and have 20/54 hp.
MASSIVE DAMAGE!!
You hit the hound but do no damage. You miss something.
The hound bites you but does no damage. Something bites you.
* * * LOW HITPOINT WARNING * * *
The hound bites you but does no damage.
You take 6 damage, and have 14/54 hp.
You hit the hound. You burn the hound.
The hound is moderately wounded.
You miss something. The hound bites you.
* * * LOW HITPOINT WARNING * * *
Something bites you but does no damage.
You take 5 damage, and have 9/54 hp.
Unknown command.
It was a potion of curing.
You feel better. The hound bites you but does no damage.
Something bites you but does no damage.
You regained 10 hp, and now have 19/54 hp.
You slash the hound!
The hound goes berserk!
The hound is severely wounded.
You hit something but do no damage. The hound barely misses you.
The hound bites you but does no damage.
An iguana comes into view.
The hound barely misses you. Something bites you.
* * * LOW HITPOINT WARNING * * *
You take 3 damage, and have 16/54 hp.
The iguana hisses angrily.
You slash the hound!
You kill the hound!
You hit something.
Unknown command.
It was a potion of magic.
Magic courses through your body.
A noxious blast appears from out of thin air!
The noxious blast engulfs you!
The adder is engulfed in noxious fumes.
The adder appears confused.
Unknown command.
Okay, then.
Unknown command.
It was a potion of flight.
You feel very buoyant.
You fly up into the air.
The adder is engulfed in noxious fumes.
The adder appears confused.
Something bites you.
* * * LOW HITPOINT WARNING * * *
You take 6 damage, and have 10/54 hp.
Unknown command.
It was a potion of brilliance.
You feel clever all of a sudden.
Xom thinks this is hilarious!
Something bites you!
You die... █... █............ ██.. ............. █..█ █.......... ...... █....l...█ ██████

█ █........█ ..██ █
██.███........█ ██....
█
.....$.....S§§██.......
█ █............{@§.█ ..
█ ........[)...§§§████.
██ █......██..████.██..
... ......?
█.).....██.█ .█ ....
█...... █.......)█.██
█.███.... █......
██....[.....█ █..██....


███████ █....).%...██......... █.................█... █....(..█.....███..... You
could see an iguana and an adder (confused).

Vanquished Creatures
  2 centaurs
  2 scorpions
  A bullfrog zombie (D:5)
  A hound (D:5)
  An orc priest (D:5)
  A bullfrog skeleton (D:4)
  An iguana (D:4)
  2 worker ants (D:4)
  A killer bee zombie (D:4)
  9 adders
  2 oozes (D:2)
  4 worms
  4 dart slugs
  4 leopard geckos
  14 orcs
  A ball python (D:4)
  4 giant cockroaches
  8 hobgoblins
  3 jackals (D:1)
  2 quokkas
  6 bats
  2 frilled lizards
  16 goblins
  7 kobolds
  10 rats
108 creatures vanquished.

Notes
Turn   | Place    | Note
-------+----------+-------------------------------------------
     0 | D:1      | Goblin1989 the Demonspawn Chaos Knight began the quest for the Orb.
     0 | D:1      | Reached XP level 1. HP: 18/18 MP: 1/1
    15 | D:1      | XOM: divination: detect creatures
   114 | D:1      | XOM: harmless Chrm miscast
   120 | D:1      | Reached skill level 3 in Axes
   136 | D:1      | Gained mutation: You have large cloven feet. [demonic ancestry]
   136 | D:1      | Reached XP level 2. HP: 19/24 MP: 2/2
   259 | D:1      | XOM: 2-stop teleportation journey
   286 | D:1      | XOM is BORED!
   286 | D:1      | XOM: mild Tloc miscast
   287 | D:1      | Noticed a spatial vortex
   535 | D:1      | XOM: give mutations
   535 | D:1      | Gained mutation: You are resistant to hostile enchantments. (MR+) [Xom's grace]
   535 | D:1      | Gained mutation: You possess an exceptional clarity of mind. [Xom's grace]
   535 | D:1      | Gained mutation: You have a pair of small horns on your head. [Xom's grace]
   535 | D:1      | Gained mutation: You are resistant to electric shocks. (rElec) [Xom's grace]
   700 | D:1      | Gained mutation: You have hoof-like feet. [demonic ancestry]
   700 | D:1      | Reached XP level 3. HP: 29/29 MP: 3/3
   779 | D:1      | Reached skill level 4 in Axes
   945 | D:1      | XOM: god gift: wand of iceblast (5) {god gift}
   974 | D:1      | XOM: scenery: create altars
  1333 | D:2      | XOM is BORED!
  1333 | D:2      | Found a sacrificial altar of Ru.
  1333 | D:2      | XOM: 2-stop teleportation journey
  1342 | D:2      | XOM: chaos upgrade
  1527 | D:2      | Gained mutation: Your flesh is cold resistant. (rC+) [demonic ancestry]
  1527 | D:2      | Reached XP level 4. HP: 34/35 MP: 4/4
  1875 | D:2      | Found a runed door.
  1938 | D:2      | XOM: harmless Ice miscast
  2246 | D:3      | Reached skill level 5 in Axes
  2246 | D:3      | Gained mutation: You are partially covered in thin metallic scales. (AC +2) [demonic ancestry]
  2246 | D:3      | Reached XP level 5. HP: 34/41 MP: 5/5
  2267 | D:3      | XOM: give mutations
  2267 | D:3      | Gained mutation: You are dopey. (Int -2) [Xom's mischief]
  2267 | D:3      | Gained mutation: You are weak. (Str -2) [Xom's mischief]
  2267 | D:3      | Lost mutation: You are resistant to electric shocks. (rElec) [Xom's mischief]
  2388 | D:3      | Found a blossoming altar of Fedhas.
  2528 | D:3      | Noticed a centaur
  2532 | D:3      | XOM: mild Hex miscast
  2540 | D:3      | Killed a centaur
  2688 | D:3      | Found a hazy altar of Hepliaklqana.
  2692 | D:3      | Found a stormy altar of Qazlal.
  2697 | D:3      | Found a sparkling altar of Nemelex Xobeh.
  2709 | D:3      | XOM: medium Conj miscast
  2978 | D:3      | Found a burning altar of Makhleb.
  3009 | D:3      | XOM: medium Necr miscast
  3225 | D:3      | XOM: give mutations
  3225 | D:3      | Gained mutation: You are frail. (-10% HP) [Xom's mischief]
  3225 | D:3      | Gained mutation: You have hooves in place of feet. [Xom's mischief]
  3225 | D:3      | Lost mutation: You have a pair of small horns on your head. [Xom's mischief]
  3225 | D:3      | Lost mutation: You are frail. (-10% HP) [Xom's mischief]
  3377 | D:4      | Gained mutation: You are immune to freezing clouds. [demonic ancestry]
  3377 | D:4      | Reached XP level 6. HP: 44/47 MP: 6/6
  3671 | D:4      | XOM: give mutations
  3671 | D:4      | Lost mutation: You are weak. (Str -2) [Xom's mischief]
  3671 | D:4      | Gained mutation: Scrolls take you a little longer to read. [Xom's mischief]
  3671 | D:4      | Gained mutation: Your system is resistant to poisons. (rPois) [Xom's mischief]
  3671 | D:4      | Lost mutation: You have hooves in place of feet. [Xom's mischief]
  3730 | D:4      | Reached skill level 6 in Axes
  3811 | D:4      | XOM: harmless Fire miscast
  4014 | D:4      | XOM: smoke on damage
  4556 | D:5      | Entered Level 5 of the Dungeon
  4609 | D:5      | Found a stormy altar of Qazlal.
  4675 | D:5      | Reached XP level 7. HP: 54/54 MP: 7/7
  4715 | D:5      | XOM: chaos cloud
  4786 | D:5      | XOM: noise
  4806 | D:5      | Slain by a swamp drake

Skill      XL: |  1  2  3  4  5  6  7 |
---------------+----------------------+-----
Axes           | 3 4 5 6 |  6.7
Armour         | 2 3 |  3.2
Fighting       | 4 |  4.3
Dodging        | |  0.8

Action                   |  1- 3 |  4- 6 |  7- 9 || total
-------------------------+-------+-------+-------++-------
Melee: Hand axe          |    94 |   175 |    46 ||   315
       Kick              |     4 |    22 |     7 ||    33
       Headbutt          |     9 |    13 |       ||    22
  Use: Scroll            |       |     1 |       ||     1
       Potion            |       |       |     4 ||     4
 Stab: Paralysed         |     3 |     1 |     2 ||     6
       Confused          |       |     1 |       ||     1
  Eat: Chunk             |     1 |    11 |       ||    12
Armor: Leather armour    |    40 |    55 |     7 ||   102
       Scale mail        |       |       |    20 ||    20
Dodge: Dodged            |    59 |    97 |    26 ||   182

Vault maps used:
D:1:      minmay_arrival_plants_in_alcoves, minmay_pentomino_u2
D:2:      nicolae_ru_sacrificial_ziggurat, uniq_crazy_yiuf_cottage
D:3:      minmay_overflow_temple_star_quad, marbit_many_paths,
          old_standard_altar, corexii_leaking_fountain
D:4:      kennysheep_the_goblin_king, first_ration, grunt_ministairs_3,
          hangedman_decor_points, serial_park_tiny_1
D:5:      tgw_sif, basic_altar, serial_shops, shop, uniq_blork_the_orc
